cohdb
Replays
Latest Replays
All Replays
Popular Replays
Top Player Replays
Match Explorer
How It Works
Community
CoH3 Stats
Reddit
Sign in to upload your games and track your stats! →
Sign in with Steam
Match 47323715
Unlisted
Match 47323715
Overview
Messages
Build Orders
End
Kradschützen Motorcycle Team
Selects Panzerjäger Kommand Battlegroup
Selects Mine Fields
Panzergrenadier Squad
Panzergrenadier Squad
Construct Light Support Kompanie
MG34 Team
2.5-tonne Medical Truck
Fire Support Elements
Panzerjäger Mechanized Group
Selects Defensive Positions
Flakvierling Half-track
Panzerpioneer Squad
Selects Butterfly Bomb Drop
Butterfly Bomb Drop
Vehicle Survival Package
Assault Mechanized Group
Combat Half-tracks
Selects Tank Busters
Selects GrB 39 Grenade Launcher Requisition
Pak 38 Anti-tank Gun Team
Construct Panzerarmee Kommand
Emergency Repair Kits
Panzer III L Medium Tank
Pak 38 Mechanized Group
Saevo
Paul
Herr Blautier
EPHX_Valkyrion
0
0
Comments
sign in to comment!
No comments posted yet!